Cogmind - Beta 14 @@@ ROGUE MODE // 2024.08.13 @ 05:58:15 Player: Lillith Result: Destroyed by Y-45 Defender with Beam Rifle Performance ------------- Evolutions (0) 0 Regions Visited (3) 600 Robots Destroyed (32) 160 Value Destroyed (828) 828 Prototype IDs (2) 40 Alien Tech Used (0) 0 Bonus (0) 0 TOTAL SCORE: 1628 Bonus ------- None Cogmind --------- Core Integrity 0/250 Matter 257/300 Energy 88/100 System Corruption 0% Temperature Cool (9) Movement Treading (160) Location -9/Recycling Parts ------- > --- POWER (1) -------- (None) > --- PROPULSION (2) --- Light Treads Light Treads > --- UTILITY (2) ------ Small Storage Unit > --- WEAPON (2) ------- Subdweller Machine Gun Subdweller Machine Gun > --- INVENTORY (8) ---- EM Pulse Gun Grenade Launcher Ripper Shrapnel Trap Peak State ------------ > --- POWER ------------ (None) > --- PROPULSION ------- Light Treads Light Treads > --- UTILITY ---------- Scrap Shield > --- WEAPON ----------- Subdweller Machine Gun Ripper > --- INVENTORY -------- Small Storage Unit EM Pulse Gun Subdweller Machine Gun Grenade Launcher Shrapnel Trap [Rating: 12] Favorites ----------- Power Light Ion Engine Engine Light Ion Engine Propulsion Light Treads Treads Light Treads Utility Small Storage Unit Device Heat Sink Storage Small Storage Unit Protection Scrap Shield Weapon Assault Rifle Energy Gun EM Pulse Gun Ballistic Gun Assault Rifle Ballistic Cannon Light Cannon Launcher Grenade Launcher Slashing Weapon Ripper Build | -11 -10 -10 -9 ------- Run | Yrd Mat Sub Rec Slots Evolved . | . . . . Power . | . . . . Propulsion . | . . . . Utility . | . . . . Weapon . | . . . . Parts Attached 29 | 6 3 18 2 Power 3 | 1 1 1 . Engine 3 | 1 1 1 . Core . | . . . . Reactor . | . . . . Propulsion 6 | 2 1 3 . Treads 6 | 2 1 3 . Leg . | . . . . Wheel . | . . . . Hover . | . . . . Flight . | . . . . Utility 6 | 1 1 3 1 Device 1 | . 1 . . Storage 2 | 1 . . 1 Processor . | . . . . Hackware . | . . . . Protection 3 | . . 3 . Artifact . | . . . . Weapon 14 | 2 . 11 1 Energy Gun 2 | . . 2 . Energy Cannon . | . . . . Ballistic Gun 7 | 2 . 4 1 Ballistic Cannon 3 | . . 3 . Launcher 1 | . . 1 . Special Weapon . | . . . . Impact Weapon . | . . . . Slashing Weapon 1 | . . 1 . Piercing Weapon . | . . . . Special Melee Weapon . | . . . . Unidentified Prototypes . | . . . . Parts Lost 10 | . 1 8 1 Power 2 | . 1 1 . Propulsion 2 | . . 2 . Utility 3 | . . 2 1 Weapon 3 | . . 3 . Highest Loss Streak 6 | . 1 6 1 To Critical Strikes . | . . . . Average Slot Usage (%) 91 | . 97 91 70 Engine 10 | . 12 10 . Treads 27 | . 28 27 28 Device 9 | . 13 8 . Storage 10 | . 14 10 . Protection 3 | . . 4 13 Energy Gun 2 | . . 4 . Ballistic Gun 15 | . 28 7 15 Ballistic Cannon 8 | . . 14 . Slashing Weapon 1 | . . . 12 Peak Build Rating 12 | 6 7 12 12 Average Rating 8 | 4 6 8 11 On Entrance 6 | . 6 7 12 Naked Turns . | . . . . Heaviest Build 27 | 12 13 27 26 Greatest Support 40 | 40 40 40 40 Greatest Overweight (x) 3 | 3 . . . Average Overweight (x) . | . . . . Largest Inventory Capacity 8 | 8 8 8 8 Average Capacity 7 | 7 8 7 5 Most Carried 8 | 4 8 8 5 Average Carried 6 | 1 7 6 4 Final Capacity 8 | 8 8 5 8 Final Carried 8 | 4 8 5 4 Class Distribution -------------------- 100% | Mutant Dominant Class ---------------- Mutant | -10/Materials Mutant | -10/Subcaves Mutant | -9/Recycling Resources | -11 -10 -10 -9 ----------- Run | Yrd Mat Sub Rec Matter Collected 1100 | 182 292 588 38 Remotely . | . . . . Salvage Created 1158 | . 467 466 225 Parts 71 | . 34 27 10 Haulers Intercepted 2 | . 2 . . Recyclers Shooed 2 | . 2 . . Parts Field Recycled . | . . . . Retrieved Matter . | . . . . Parts Self-Destructed 7 | . . 7 . Prevented . | . . . . Kills | -11 -10 -10 -9 ------- Run | Yrd Mat Sub Rec Combat Hostiles Destroyed 25 | . 9 15 1 Melee 1 | . . 1 . Guns 19 | . 9 9 1 Cannons 5 | . . 5 . Classes Destroyed 9 | . 6 2 1 Worker 1 | . 1 . . Builder 1 | . 1 . . Hauler 2 | . 2 . . Recycler 2 | . . . 2 Watcher 1 | . 1 . . Swarmer 7 | . 3 4 . Grunt 6 | . 6 . . Sentry 2 | . . 1 1 Subdweller 10 | . . 10 . Best Kill Streak 3 | . 3 3 3 Combat Bots Only 3 | . 3 3 1 Max Kills in Single Turn 2 | . 2 1 1 Gunslinging 1 | . 1 . . Exploded . | . . . . Melee 1 | . . 1 . Uniques/NPCs Destroyed . | . . . . Combat | -11 -10 -10 -9 -------- Run | Yrd Mat Sub Rec Hostile Shots Fired 143 | . 40 84 19 Missed 37 | . 17 15 5 Damage Taken 1839 | . 268 1366 205 Core 252 | . 71 133 48 Absorbed by Shields . | . . . . Core Remaining (%) 100 | 100 . . . Volleys Fired 128 | . 33 74 21 Largest 2 | . 2 2 2 Hottest 74 | . 40 74 60 Shots Fired 229 | . 66 135 28 Gun 152 | . 66 58 28 Cannon 71 | . . 71 . Launcher 6 | . . 6 . Special . | . . . . Kinetic 198 | . 66 104 28 Thermal . | . . . . Explosive 6 | . . 6 . Electromagnetic 25 | . . 25 . Robot Hit Streak 13 | . 13 12 6 Robot Miss Streak 3 | . 2 3 3 Penetration Max . | . . . . Secondary Targets 2 | . 1 1 . Max Gunslinging Chain 1 | . 1 1 . Shots Hit Robots 146 | . 48 80 18 Core Hits 57 | . 24 30 3 Critical Kills . | . . . . Critical Parts Destroyed 1 | . 1 . . Critical Strikes 6 | . 1 5 . Destroy 3 | . 1 2 . Blast 3 | . . 3 . Melee Attacks 9 | . . 9 . Impact . | . . . . Slashing 9 | . . 9 . Piercing . | . . . . Sneak Attacks . | . . . . Combat Hostiles . | . . . . Follow-up Attacks . | . . . . Damage Inflicted 2745 | . 624 1651 470 Guns 1753 | . 619 664 470 Cannons 522 | . . 522 . Explosions 435 | . . 435 . Melee 30 | . . 30 . Ramming 5 | . 5 . . Kinetic 2085 | . 619 996 470 Thermal . | . . . . Explosive 435 | . . 435 . Electromagnetic 190 | . . 190 . Impact . | . . . . Slashing 30 | . . 30 . Piercing . | . . . . Highest Corruption . | . . . . Average Corruption . | . . . . Corruption Purged . | . . . . Corruption Blocked . | . . . . Overload Shots . | . . . . Overflow Damage . | . . . . Projectiles . | . . . . Explosions . | . . . . Melee . | . . . . Knockbacks 4 | . . 4 . Impact . | . . . . Kinetic 4 | . . 4 . Secondary . | . . . . Self-Inflicted Damage . | . . . . Shots . | . . . . Rammed 2 | . 2 . . Targets Rammed 2 | . 2 . . Kicked . | . . . . Crushed . | . . . . Highest Temperature 10 | . 10 . 4 Average Temperature 6 | . 10 . 4 Received Heat Transfer 294 | . 156 66 72 Siege Activations . | . . . . Robots Corrupted . | . . . . Combat Hostiles . | . . . . Parts Fried . | . . . . Impact Corruptions . | . . . . Robots Melted . | . . . . Combat Hostiles . | . . . . Parts Melted . | . . . . Heat Transferred . | . . . . Parts Sabotaged . | . . . . Parts Stolen . | . . . . Parts Stripped . | . . . . Power Chain Reactions . | . . . . Alert | -11 -10 -10 -9 ------- Run | Yrd Mat Sub Rec Peak Influence 239 | . 239 . 129 Initial 67 | . . . 67 Average 70 | . 69 . 95 Maximum Alert Level 1 | . 1 . . Low Security (%) 93 | 100 92 . 100 Level 1 6 | . 7 . . Level 2 . | . . . . Level 3 . | . . . . Level 4 . | . . . . Level 5 . | . . . . High Security . | . . . . Max Security . | . . . . Squads Dispatched 2 | . 2 . . Investigation . | . . . . Extermination . | . . . . Reinforcement 2 | . 2 . . Assault . | . . . . Garrison . | . . . . Intercept . | . . . . Searches Triggered . | . . . . Construction Impeded . | . . . . Haulers Reinforced . | . . . . Active Scanning Responses . | . . . . Cargo Convoy Interrupts . | . . . . Stealth | -11 -10 -10 -9 --------- Run | Yrd Mat Sub Rec Distress Signals 2 | . 2 . . Communications Jammed . | . . . . Distress Signals . | . . . . Times Spotted 35 | . 16 17 2 Peak Tracking Total 4 | . 4 3 1 Tactical Retreats 3 | . 1 2 . Traps | -11 -10 -10 -9 ------- Run | Yrd Mat Sub Rec Traps Triggered . | . . . . Indirectly . | . . . . Trap Hack Attempts . | . . . . Triggered . | . . . . Disarmed . | . . . . Reprogrammed . | . . . . Reused . | . . . . Traps Extracted . | . . . . Installed . | . . . . Triggered . | . . . . Most Traps Carried 1 | . . 1 1 Machines | -11 -10 -10 -9 ---------- Run | Yrd Mat Sub Rec Machines Disabled . | . . . . Max in Single Turn . | . . . . Machines Repaired . | . . . . Machines Dismantled . | . . . . Machines Sabotaged . | . . . . Overloaded Fab Kills . | . . . . Hacking | -11 -10 -10 -9 --------- Run | Yrd Mat Sub Rec Machines Accessed 8 | . 2 . 6 Terminals 6 | . 2 . 4 Fabricators . | . . . . Repair Stations . | . . . . Recycling Units 2 | . . . 2 Scanalyzers . | . . . . Garrison Access . | . . . . Total Hacks 24 | . 5 . 19 Successful 12 | . 4 . 8 Failed 12 | . 1 . 11 Catastrophic 1 | . . . 1 Database Lockouts . | . . . . Manual . | . . . . Terminals 17 | . 5 . 12 Fabricators . | . . . . Repair Stations . | . . . . Recycling Units 7 | . . . 7 Scanalyzers . | . . . . Garrison Access . | . . . . Terminal Hacks 9 | . 4 . 5 Record 2 | . . . 2 Robot Analysis 2 | . 1 . 1 Prototype ID Bank 1 | . . . 1 Scanalyzer Index 1 | . . . 1 Alert Level 1 | . 1 . . Locate Traps 1 | . 1 . . Recall Reinforcements 1 | . 1 . . Fabricator Hacks . | . . . . Repair Station Hacks . | . . . . Recycling Unit Hacks 3 | . . . 3 Report Inventory 2 | . . . 2 Retrieve Matter 1 | . . . 1 Scanalyzer . | . . . . Garrison Access Hacks . | . . . . Unauthorized Hacks . | . . . . Terminals . | . . . . Fabricators . | . . . . Repair Stations . | . . . . Recycling Units . | . . . . Scanalyzers . | . . . . Garrison Access . | . . . . Data Cores Recovered . | . . . . Used . | . . . . Hacking Detections 6 | . 1 . 5 Full Trace Events . | . . . . Feedback Events . | . . . . Feedback Blocked . | . . . . Robot Schematics Acquired . | . . . . Robots Built . | . . . . Authchips . | . . . . Time . | . . . . Total Robot Build Rating . | . . . . Part Schematics Acquired . | . . . . Parts Built . | . . . . Authchips . | . . . . Time . | . . . . Total Part Build Rating . | . . . . Parts Repaired . | . . . . Time . | . . . . Parts Recycled . | . . . . Recycled Matter . | . . . . Retrieved Matter . | . . . . Retrieved Components . | . . . . Parts Scanalyzed . | . . . . Part Schematics Acquired . | . . . . Parts Damaged . | . . . . Bothacking | -11 -10 -10 -9 ------------ Run | Yrd Mat Sub Rec Used RIF Installer . | . . . . Robots Hacked . | . . . . Non-combat . | . . . . Combat . | . . . . Robot Hacks Applied . | . . . . Relay Couplers Released . | . . . . Fabnet Peak Effective % . | . . . . Robots Rewired . | . . . . Allies Hacked . | . . . . Hacks Repelled . | . . . . Allies | -11 -10 -10 -9 -------- Run | Yrd Mat Sub Rec Total Allies . | . . . . Largest Group . | . . . . Highest-Rated Group . | . . . . Highest-Rated Ally . | . . . . Total Orders . | . . . . Ally Attacks . | . . . . Total Damage . | . . . . Kills . | . . . . Allies Corrupted . | . . . . Allies Melted . | . . . . Intel | -11 -10 -10 -9 ------- Run | Yrd Mat Sub Rec Robot Analysis Total 2 | . 1 . 1 Derelict Logs Recovered 1 | . . 1 . Drone Launches . | . . . . Drone Recoveries . | . . . . Exploration | -11 -10 -10 -9 ------------- Run | Yrd Mat Sub Rec Turns Passed 3477 | 76 1169 1969 263 Spaces Moved 1696 | 44 486 1033 133 Core 14 | 14 . . . Treads 1682 | 30 486 1033 133 Legs . | . . . . Wheels . | . . . . Hover . | . . . . Flight . | . . . . Fastest Speed 50 | 50 160 160 160 Average Speed 159 | 146 160 160 160 Slowest Speed 200 | 200 160 160 160 Overloaded Moves . | . . . . Propulsion Burnouts . | . . . . Robots Hopped . | . . . . Cave-ins Triggered . | . . . . Exploration Rate (%) 46 | 4 74 75 33 Regions Visited 3 Branch Regions 2 Pre-discovered Areas . | . . . . Known Exits Taken . | . . . . Unknown Exits Taken 3 | 1 1 1 . Scrap Searched 5 | . . 5 . Spaces Dug 4 | . . 4 . Terrain Destroyed 45 | . . 45 . Melee 4 | . . 4 . Projectile . | . . . . AOE 41 | . . 41 . Terrain Rammed . | . . . . Walls Destroyed . | . . . . Machines Disabled . | . . . . Actions | -11 -10 -10 -9 --------- Run | Yrd Mat Sub Rec Total 2228 | 53 815 1204 156 Wait 325 | . 275 50 . Move 1693 | 43 485 1032 133 Hop . | . . . . Pick Up 20 | 4 10 6 . Fast Attach 11 | 6 2 3 . Attach 8 | . . 7 1 Detach 2 | . . 2 . Swap 10 | . 1 8 1 Drop 16 | . 7 9 . Fire 128 | . 33 74 21 Melee 9 | . . 9 . Ram . | . . . . Kick . | . . . . Crush 2 | . 2 . . Escape Stasis . | . . . . Rewire . | . . . . Trap . | . . . . Miscellaneous 4 | . . 4 . Route ------- -11/Scrapyard -10/Materials (discovered 4 exits: [*Mat] / [*Min x2] / [*Sub]) -10/Subcaves (discovered 3 exits: [*Mat x2] / *Rec) -9/Recycling History --------- Turn | Location | Event 33 | -11/Scrapyard | Discovered new exit (range 15) 77 | -11/Scrapyard | Entered Materials 303 | -10/Materials | Build established: Mutant 355 | -10/Materials | Discovered new exit (range 14) 557 | -10/Materials | Discovered new exit (range 4) 641 | -10/Materials | Discovered new exit (range 14) 1229 | -10/Materials | Discovered new exit (range 8) 1246 | -10/Materials | Entered Subcaves 1758 | -10/Subcaves | Learned Materials non-interactive machine intel 1948 | -10/Subcaves | Discovered new exit (range 7) 2447 | -10/Subcaves | Ambushed by Subdwellers from Twisted Machinery 2447 | -10/Subcaves | Ambushed by Subdweller buried in earth 2492 | -10/Subcaves | Ambushed by Subdweller buried in earth 2492 | -10/Subcaves | Ambushed by Subdweller buried in earth 2496 | -10/Subcaves | Core integrity fell below 50% 2561 | -10/Subcaves | Lost 6 parts (2n2u2w) 2607 | -10/Subcaves | A swath of the cavern ceiling suddenly collapsed 2697 | -10/Subcaves | Disturbed a concealed Subdweller 2886 | -10/Subcaves | Discovered new exit (range 7) 3129 | -10/Subcaves | Core integrity fell below 20% 3210 | -10/Subcaves | Discovered new exit (range 3) 3215 | -10/Subcaves | Entered Recycling 3478 | -9/Recycling | Destroyed by Y-45 Defender with Beam Rifle Last Messages --------------- Third planet from the Sun in the [Solar System]. Terrestrial homeworld of [Human] civilization. By the late 21st century that civilization drained the planet's resources and destabilized the environment to the point that global-scale technology was necessary to maintain an increasingly fragile planet. >>Index(Scanalyzers) No scanalyzers found. 03445_ Connecting with Terminal... >>Query(Materials) At the deepest levels of [Complex 0b10], raw materials are processed for use in manufacturing components and machines. Older technology and prototypes are gradually filtered down to these levels, and older robot variants are responsible for their oversight and maintenance. 03451_ Y-45 Defender springs to life. 03451_ Connecting with Terminal... >>Prototypes Downloading prototype IDs... Hvy. Ion Engine Adv. EMP Blaster 03469_ Scrap Shield destroyed. Map ----- +----------------------------------------------------+ | ?????????????????????????????????????????????????? | | ?????????????????????????????????????????????????? | | ?????????????????????????????????????????????????? | | ?????????????????????????????????????????????????? | | ?????????????????????????????????????????????????? | | ?????????????????????????????????????????????????? | | ?????????????????????????????????????????????????? | | ?????????????????????????????????????????????????? | | ?????????????????????????????????????????????????? | | ?????????????????????????????????????????????????? | | ??????????????????????? ?????????????????????? | | ??????????????????????? #????????????????????? | | ??????????????????????? #????????????????????? | | ??????????????????????? +????????????????????? | | ??????????????????????? #????????????????????? | | ???????????????????????# #????????????????????? | | ???????????????????????% +????????????????????? | | ???????????????????????% #????????????????????? | | ??????????????????????? ##????????##?????????? | | ???????????????????????# #???##### ###???????? | | ???????????????????????# r#????# #???????? | | ??????????????????###### Y #????# #???????? | | ??????????????????? #????# #???????? | | ????????????????????# #????# #???????? | | ????????????????????# T #????# #???????? | | ????????????????????# r@ #????# #???????? | | ????????????????????# #????# #???????? | | ??????????????????### ##???# #???????? | | ??????????????????#"" #???# #??###### | | ??????????????????#"T #???# #??# | | ??????????????????#"" #???# #??# | | ??????????????????### #???# #??# | | ????????????????????# #???# #??# | | ????????????????????##### #???# #?## | | ????????????????????????# #??## #?# | | ?????????????????######## #??# #??# | | ?????????????????# # ##### #??# | | ?????????????????# T + ""#?# #?## | | ?????????????????# # Y"#?# #?# | | ?????????????????# # ""#?# #??# | | ?????????????????# # ###?# #??# | | ?????????????????#""" # ###?####+####??###### | | ?????????????????#""" # #%#### ########## | | ?????????????????#""" # % | | ?????????????????# # % | | ??????????????????""" # | | ??????????????????""" #####+##### ########## | | ???????????????????"" ???# ??#######????????# | | ???????????????????? ???# #????????????????? | | ????????????????????####???# #????????????????? | +----------------------------------------------------+ Best States ------------- Heat Dissipation 35 Energy Generation 15 Energy Capacity 200 Matter Stores 300 Matter Capacity 300 Sight Range 16 Terrain Scan Density 10 Armor Coverage 800 Evasion (%) 40 Recoil Reduction 2 Item Schematics ----------------- None Robot Schematics ------------------ None Fabricated ------------ Nothing Alien Tech Used ----------------- None Achievements -------------- None Challenges ------------ None Game ------ Seed MakeshiftForceHammer Manual? 0 Play Time 00:24:35 Cumulative 14.9 hours Start 2024.08.13 @ 05:19:14 End 2024.08.13 @ 05:58:15 Sessions 1 Manual Loads 0 Difficulty Rogue Special Mode None Game No. 27 Rogue 27 Adventurer 0 Explorer 0 Win Type - Total 0 Types 0/0/0/0/0/0/0/0/0 Lore% 23 Gallery% 19 Achievement% 18 Wizard Run 0 Options --------- Layout 0 ASCII 0 Keyboard 1 Movement Arrows Keybinds 0 Fullscreen 2 Font 24/Smallcaps Map View 76x50 Zoom Use 0% Tactical HUD 1 Map Filters NONE Filters NONE Steam 1 RUN: 99137761-e4b7-43a4-8112-40973b7d39f7